 Dungeon Crawl Stone Soup version 0.31-a0-164-g2312942fda (webtiles) character file.

Game seed: 4892051588705075318

90 qw the Chopper (level 4, 0/28 HPs)
             Began as a Gargoyle Fighter on June 13, 2023.
             Slain by an orc wizard
             ... wielding a +0 dagger
              (1 damage)
             ... on level 3 of the Dungeon.
             The game lasted 00:01:08 (1913 turns).

qw the Chopper (Gargoyle Fighter)                   Turns: 1913, Time: 00:01:09

Health: 0/28       AC: 12    Str: 22    XL:     4   Next: 56%
Magic:  4/4        EV:  9    Int:  8    God:
Gold:   133        SH:  4    Dex:  9    Spells: 3/3 levels left

rFire   . . .        Y - +0 war axe
rCold   . . .        c - +0 buckler
rNeg    + . .        b - +0 scale mail
rPois   inf          (no helmet)
rElec   +            (no cloak)
rCorr   .            h - +0 pair of gloves
SInv    .            m - +0 pair of boots
Will    .....        (no amulet) Stlth
                     (no ring)
HPRegen 0.24/turn    (no ring)
MPRegen 0.09/turn

%: no passive effects
@: no status effects
A: sickness immunity, AC +3, negative energy resistance 1, electricity
resistance, torment resistance 1, petrification resistance
a: no special abilities


You were on level 3 of the Dungeon.
You visited 1 branch of the dungeon, and saw 3 of its levels.

You collected 133 gold pieces.


Innate Abilities, Weirdness & Mutations

You are immune to sickness and miasma.
Your stone body is resilient. (AC +3)
You are immune to poison.
You resist negative energy. (rN+)
You are resistant to electric shocks. (rElec)
You are resistant to unholy torment.
You are immune to petrification.


   Skills:
 - Level 3.2 Fighting
 + Level 4.2 Axes
 - Level 3.2 Armour
 - Level 3.2 Shields


You had 3 spell levels left.
You didn't know any spells.
Your spell library was empty.

Inventory:

Hand Weapons
 n - a +0 mace
 Y - a +0 war axe (weapon)
Armour
 a - a +2 pair of gloves
 b - a +0 scale mail (worn)
 c - a +0 buckler (worn)
 h - a +0 pair of gloves (worn)
 m - a +0 pair of boots (worn)
Scrolls
 g - 2 scrolls of identify
Potions
 d - a potion of might
 e - a potion of degeneration {unknown}
 f - a potion of invisibility {unknown}
 i - a potion of berserk rage {unknown}
 j - a potion of enlightenment {unknown}
 k - a potion of curing {unknown}
 l - a potion of brilliance {unknown}
 o - a potion of mutation {unknown}

Dungeon Overview and Level Annotations

Branches:
Dungeon (3/15)

Altars:

Shops:
D:2 =

Annotations:
D:2 1 runed translucent door, Crazy Yiuf


Message History

The orc is almost dead.
You closely miss something. Something completely misses you.
The orc closely misses you.
You barely miss the orc.
The orc is almost dead.
You closely miss something. Something hits you but does no damage.
You block the orc's attack.
You hit the orc but do no damage.
The orc is almost dead.
You miss something. Something hits you but does no damage.
The orc barely misses you. Something hits you but does no damage.
The orc barely misses you.
You barely miss the orc.
The orc is almost dead.
You barely miss something.
You hear some strange, mumbled words.
A puff of flame appears from out of thin air!
The puff of flame hits you! You block the orc's attack.
You barely miss the orc.
The orc is almost dead.
You closely miss something. Something hits you but does no damage.
The orc hits you but does no damage.
You slash the orc!
You kill the orc!
You barely miss something. Something hits you.
You hear some strange, mumbled words.
A magic dart appears from out of thin air!
The magic dart hits you.
You miss something. Something hits you but does no damage.
You miss something. Something hits you but does no damage.
You miss something.
Something hits you but does no damage. x2
You miss something. Something hits you.
You barely miss something. Something hits you.
You die...

####..........#####..#...
#.............%.....%..##
.##.........##.....#...#
#............##......#
########...##......#.#
####.%.........###..
#..............# #.
#.)..#+#.....### # #.{@##
#....# # #.)### ##.#.# #
##. ...# # #. .# .. ..
... .##


There were no monsters in sight!

Vanquished Creatures
  2 adders (D:3)
  2 worms
  2 dart slugs
  5 orcs (D:3)
  A ball python (D:3)
  7 bats
  8 endoplasms
  5 hobgoblins
  3 quokkas
  5 frilled lizards
  7 goblins
  4 kobolds (D:2)
  3 rats
54 creatures vanquished.

Notes
Turn   | Place    | Note
-------+----------+-------------------------------------------
     0 | D:1      | qw the Gargoyle Fighter began the quest for the Orb.
     0 | D:1      | Reached XP level 1. HP: 14/14 MP: 1/1
     0 | D:1      | 0 ||| qw: Version: 0.2-a-29-gc1b59c4
     0 | D:1      | 0 ||| qw: Game counter: 4630
     0 | D:1      | 0 ||| qw: Always use a shield: true
     0 | D:1      | 0 ||| qw: God list: Okawaru
     0 | D:1      | 0 ||| qw: Allow faded altars: false
     0 | D:1      | 0 ||| qw: Do Orc after D:15 true
     0 | D:1      | 0 ||| qw: Do second Lair branch before Depths: true
     0 | D:1      | 0 ||| qw: Lair rune preference: random
     0 | D:1      | 0 ||| qw: Plans: Normal, Zot:1-4, Slime:5, God:TSO, Crypt,
                  | Tomb, Abyss, Pan, Hells, Win
     0 | D:1      | 0 ||| PLANNING D:1-11
    38 | D:1      | Reached skill level 2 in Axes
    93 | D:1      | 93 ||| Stepping ~*~*~tactically~*~*~ (stealth).
   706 | D:1      | 706 ||| UPGRADING to +0 pair of boots.
   711 | D:1      | 711 ||| READING scroll labelled GOANOU ZIWE.
   712 | D:1      | 712 ||| READING scroll labelled PAINGO HAASEUPH.
   713 | D:1      | 713 ||| READING scroll labelled ZYLAFU BINITZ.
   720 | D:1      | 720 ||| READING scroll labelled ADDURIYSTREUTZ.
   721 | D:1      | 721 ||| READING scroll labelled MUDOIK WYLIKK.
   722 | D:1      | 722 ||| READING scroll labelled QUR FIYGUTT.
   723 | D:1      | 723 ||| DRINKING 3 golden potions.
   731 | D:1      | 731 ||| DROPPING 2 potions of ambrosia.
   744 | D:2      | Reached XP level 2. HP: 19/19 MP: 2/2
   820 | D:2      | 820 ||| Stepping ~*~*~tactically~*~*~ (hiding).
   822 | D:2      | 822 ||| Stepping ~*~*~tactically~*~*~ (hiding).
   824 | D:2      | 824 ||| Stepping ~*~*~tactically~*~*~ (hiding).
   906 | D:2      | Found a runed translucent door.
   907 | D:2      | Noticed Crazy Yiuf
   941 | D:2      | 941 ||| Stepping ~*~*~tactically~*~*~ (stealth).
   947 | D:2      | 947 ||| Stepping ~*~*~tactically~*~*~ (stealth).
   963 | D:2      | 963 ||| Stepping ~*~*~tactically~*~*~ (stealth).
   966 | D:2      | 966 ||| Stepping ~*~*~tactically~*~*~ (stealth).
   977 | D:2      | Reached skill level 3 in Axes
   982 | D:2      | 982 ||| Stepping ~*~*~tactically~*~*~ (stealth).
  1007 | D:2      | Reached XP level 3. HP: 22/23 MP: 3/3
  1008 | D:2      | 1008 ||| Stepping ~*~*~tactically~*~*~ (stealth).
  1121 | D:2      | 1121 ||| Stepping ~*~*~tactically~*~*~ (stealth).
  1122 | D:2      | 1122 ||| Stepping ~*~*~tactically~*~*~ (stealth).
  1123 | D:2      | 1123 ||| Stepping ~*~*~tactically~*~*~ (stealth).
  1143 | D:2      | 1143 ||| Stepping ~*~*~tactically~*~*~ (stealth).
  1197 | D:2      | 1197 ||| DROPPING +0 club.
  1215 | D:2      | Found Xatith's Jewellery Emporium.
  1243 | D:2      | 1243 ||| SHOPLISTING +6 ring of strength (396 gold, have
                  | 111).
  1243 | D:2      | 1243 ||| SHOPLISTING amulet of faith (440 gold, have 111).
  1243 | D:2      | 1243 ||| SHOPLISTING amulet of reflection (330 gold, have
                  | 111).
  1243 | D:2      | 1243 ||| SHOPLISTING amulet of the acrobat (330 gold, have
                  | 111).
  1243 | D:2      | 1243 ||| SHOPLISTING ring "Oqughaf" {rF+ rCorr Dex+3} (443
                  | gold, have 111).
  1243 | D:2      | 1243 ||| SHOPLISTING ring of positive energy (220 gold,
                  | have 111).
  1243 | D:2      | 1243 ||| SHOPLISTING ring of protection from fire (275
                  | gold, have 111).
  1463 | D:2      | 1463 ||| UPGRADING to +0 pair of gloves.
  1468 | D:2      | 1468 ||| READING scroll labelled ZOENNOGOIF.
  1469 | D:2      | 1469 ||| READING scroll labelled YRELIT AMUVYN.
  1491 | D:3      | 1491 ||| STAIRDANCE
  1649 | D:3      | Reached XP level 4. HP: 24/28 MP: 4/4
  1715 | D:3      | Reached skill level 4 in Axes
  1734 | D:3      | 1734 ||| FLEEEEING.
  1735 | D:3      | 1735 ||| FLEEEEING.
  1736 | D:3      | 1736 ||| FLEEEEING.
  1747 | D:3      | 1747 ||| FLEEEEING.
  1748 | D:3      | 1748 ||| FLEEEEING.
  1749 | D:3      | 1749 ||| FLEEEEING.
  1753 | D:3      | 1753 ||| FLEEEEING.
  1754 | D:3      | 1754 ||| FLEEEEING.
  1755 | D:3      | 1755 ||| FLEEEEING.
  1756 | D:3      | 1756 ||| FLEEEEING.
  1757 | D:3      | 1757 ||| FLEEEEING.
  1759 | D:3      | 1759 ||| Stepping ~*~*~tactically~*~*~ (hiding).
  1761 | D:3      | 1761 ||| Stepping ~*~*~tactically~*~*~ (hiding).
  1763 | D:3      | 1763 ||| Stepping ~*~*~tactically~*~*~ (hiding).
  1858 | D:3      | 1858 ||| Stepping ~*~*~tactically~*~*~ (stealth).
  1880 | D:3      | 1880 ||| Stepping ~*~*~tactically~*~*~ (stealth).
  1883 | D:3      | 1883 ||| Stepping ~*~*~tactically~*~*~ (hiding).
  1906 | D:3      | HP: 7/28 [something/puff of flame (9)]
  1908 | D:3      | HP: 1/28 [something/magic dart (4)]
  1913 | D:3      | Slain by an orc wizard

Levels and vault maps discovered:
D:1:      dpeg_arrival_shelter, layout_basic, minmay_misc_feat_roman
D:2:      layout_basic, serial_shops, nicolae_shop_peninsula,
          minmay_indecisive_spiral, uniq_crazy_yiuf_cottage
D:3:      layout_rooms, serial_shops, nicolae_shop_real_fake_doors,
          serial_park_tiny_1, uniq_robin

Skill      XL: |  1  2  3  4 |
---------------+-------------+-----
Axes           | 2 3 4 |  4.2
Fighting       | |  3.2
Armour         | |  3.2
Shields        | |  3.2

Action                     |  1- 3 |  4- 6 || total
---------------------------+-------+-------++-------
  Melee: War axe           |   112 |    52 ||   164
  Throw: Boomerang         |     6 |       ||     6
    Use: Scroll            |     8 |       ||     8
         Potion            |     1 |       ||     1
 Armour: Scale mail        |    51 |    44 ||    95
  Dodge: Dodged            |    49 |    28 ||    77
  Block: Buckler           |    15 |    14 ||    29

Table legend:
 A = Non-vault XP
 B = Vault XP
 C = Vault XP percentage of total XP
 D = Non-vault monster count
 E = Vault monster count
 F = Vault count percentage of total count
                 A         B        C        D         E       F
            +---------+---------+-------+---------+---------+-------
      Total |     120 |       9 |   7.0 |      48 |       6 |  11.1
            +---------+---------+-------+---------+---------+-------
        D:1 |       9 |       0 |   0.0 |       6 |       0 |   0.0
        D:2 |      49 |       5 |   9.3 |      27 |       4 |  12.9
        D:3 |      62 |       4 |   6.1 |      15 |       2 |  11.8
            +---------+---------+-------+---------+---------+-------
